 Dungeon Crawl Stone Soup version 0.26-a0-695-g987792ac36 (webtiles) character file.

Game seed: 8689371193586033803

23277 speedpope the Cleaver (level 12, -4/114 HPs)
             Began as a Deep Dwarf Fighter on Oct 25, 2020.
             Was an Elder of Makhleb.
             Slain by a harpy (5 damage)
             ... summoned by Kirke
             ... on level 4 of the Lair of Beasts.
             The game lasted 00:08:23 (7123 turns).

speedpope the Cleaver (Deep Dwarf Fighter)          Turns: 7123, Time: 00:08:24

Health: -4/114     AC:  0    Str: 25    XL:     12   Next: 70%
Magic:  10/10      EV: 13    Int:  9    God:    Makhleb [****..]
Gold:   614        SH:  0    Dex: 12    Spells: 11/11 levels left

rFire    . . .     SeeInvis .   (weapon currently unavailable)
rCold    . . .     Faith    .   (shield currently unavailable)
rNeg     . . .     Spirit   .   (armour currently unavailable)
rPois    .         Reflect  .   (helmet currently unavailable)
rElec    .         Harm     .   (cloak currently unavailable)
rCorr    .         Rampage  .   (gloves currently unavailable)
MR       +....                  (boots currently unavailable)
Stlth    +.........             (no amulet)
HPRegen  0.00/turn              (ring currently unavailable)
MPRegen  0.12/turn              (ring currently unavailable)

@: lethally poisoned (-4 -> -4), pig-form, non-regenerating, slowed
A: small, damage resistance, heal wounds, sense surroundings 2, no regeneration
a: Heal Wounds, Minor Destruction, Lesser Servant of Makhleb, Major Destruction,
Renounce Religion


You were on level 4 of the Lair of Beasts.
You worshipped Makhleb.
Makhleb was greatly pleased with you.
You were a filthy swine.
You visited 3 branches of the dungeon, and saw 14 of its levels.

You collected 863 gold pieces.
You spent 249 gold pieces at shops.

Inventory:

Hand Weapons
 a - a +0 war axe
 k - a +0 broad axe
   (You found it on level 5 of the Dungeon)
 u - a +2 broad axe of freezing (melded)
   (You bought it in a shop on level 7 of the Dungeon)
Missiles
 h - 3 throwing nets (quivered)
Armour
 b - a +0 scale mail
 g - a +1 tower shield (melded)
   (You found it on level 4 of the Dungeon)
 m - a +0 kite shield
 s - a +0 plate armour (melded)
   (You took it off an orc warrior on level 5 of the Dungeon)
 y - a +2 pair of gloves (melded)
   (You found it on level 8 of the Dungeon)
 G - a +2 cloak (melded)
   (You found it on level 1 of the Lair of Beasts)
 L - a +1 helmet (melded)
   (You found it on level 3 of the Lair of Beasts)
Jewellery
 c - a ring of protection from cold (melded)
   (You found it on level 5 of the Dungeon)
 f - a cursed ring of attention {unknown}
   (You found it on level 2 of the Lair of Beasts)
 r - an uncursed amulet of regeneration {unknown}
   (You found it on level 4 of the Lair of Beasts)
Wands
 v - a wand of digging (2)
   (You found it on level 5 of the Dungeon)
Scrolls
 i - a scroll of magic mapping
 o - 2 scrolls of fear
 x - 4 scrolls of remove curse
 z - a scroll of blinking
 A - a scroll of fog
 B - 2 scrolls of noise
 D - 2 scrolls of teleportation {unknown}
 E - a scroll of amnesia {unknown}
 F - a scroll of immolation {unknown}
 I - a scroll of torment {unknown}
 K - a scroll of holy word {unknown}
Potions
 d - a potion of might
 e - a potion of flight
 j - a potion of invisibility
 l - 2 potions of haste {unknown}
 n - 4 potions of brilliance
 p - a potion of lignification {unknown}
 q - 4 potions of curing
 t - a potion of ambrosia {unknown}
 w - a potion of degeneration {unknown}
 C - a potion of heal wounds {unknown}
 H - 2 potions of mutation {unknown}


   Skills:
 + Level 9.1 Fighting
 * Level 14.0 Axes
 + Level 10.7 Armour
 + Level 10.7 Shields
 + Level 5.3 Invocations
 + Level 5.2 Evocations


You had 11 spell levels left.
You didn't know any spells.
Your spell library contained the following spells:

 Spells                   Type           Power        Failure   Level
 Bolt of Magma            Conj/Fire/Erth #.........   100%        5
 Iskenderun's Battlesphe  Conj           #.......     100%        5
 Iron Shot                Conj/Erth      #.........   100%        6
 Orb of Destruction       Conj           #.........   100%        7
 Spellforged Servitor     Conj/Summ      #.........   100%        7


Dungeon Overview and Level Annotations

Branches:
Dungeon (9/15)             Temple (1/1) D:6            Lair (4/6) D:9
 Spider (0/4) Lair:4
  Swamp: Lair:2-4    Shoals: Lair:2-4       Orc: D:9-12

Altars:
Ashenzari
Cheibriados
Dithmenos
Elyvilon
Fedhas
Gozag
Hepliaklqana
Kikubaaqudgha
Makhleb
Nemelex Xobeh
Okawaru
Qazlal
Ru
Trog
Uskayaw
Wu Jian
Yredelemnul
The Shining One

Shops:
D:7 (

Annotations:
D:4 3 runed translucent doors, nemr118's ghost, amateur SpVM; snackwell's ghost, amateur MfSu
D:9 3 runed translucent doors, corevian's ghost, novice MiFi
Lair:4 Kirke


Innate Abilities, Weirdness & Mutations

You are resistant to damage.
You can heal yourself by infusing magical energy.
You passively map the area around you.
You do not regenerate.


Message History

Unknown command.
Unknown command.
Okay, then.
Unknown command.
The harpy closely misses you. The harpy claws you!
* * * LOW HITPOINT WARNING * * *
The hog bites you.
* * * LOW HITPOINT WARNING * * *
The hog bites you!
* * * LOW HITPOINT WARNING * * *
Kirke mumbles some strange words.
You feel disoriented. The harpy claws you!
* * * LOW HITPOINT WARNING * * *
The harpy barely misses you.
The harpy screeches!
The harpy closely misses you. The harpy barely misses you. The harpy claws you!
* * * LOW HITPOINT WARNING * * *
The harpy claws you!
You die...

, .. ,#.........#..
....###.. ,
...##......>..P........#...
, ,
.......PP..................
, ,,
....................##.....
#P.....l.........(.........
,, ,
#.......hh...........P.....
,
....#.@.hh.................
,
........#HH...............#
,,
,.....####.h.......P.......#
,
##...PP#P.#...............#
,,
..........................#
,,
..##)......P..P......###.##
, , ......#..............#
### * ,* *
....##.#.)...#.....##### * ,
....................##.## *
,..###.................|.# ,
* ##.....(#...........#


You could see a komodo dragon, 2 harpies and 4 hogs.

Vanquished Creatures
  Erica (D:9)
  6 death yaks (Lair:2)
  Sonja (Lair:4)
  An ugly thing (D:9)
  5 elephants (Lair:3)
  3 cane toads
  Psyche (D:8)
  3 rime drakes (Lair:1)
  7 komodo dragons
  6 blink frogs
  3 redbacks (Lair:4)
  36 yaks
  A hog (Lair:4)
  A basilisk (Lair:2)
  A steam dragon (D:9)
  9 water moccasins
  2 orc warriors
  A black bear (D:9)
  A necrophage (D:7)
  4 ice beasts
  An ogre (D:4)
  5 centaurs
  5 wolves (Lair:1)
  2 big kobolds
  12 bullfrogs
  3 scorpions
  A wyvern skeleton (D:8)
  5 wights (D:7)
  A bullfrog zombie (D:6)
  2 jellies (D:6)
  An orc priest (D:9)
  A quasit (D:5)
  A bullfrog skeleton (D:9)
  2 hounds
  6 orc wizards
  A centaur skeleton (D:4)
  An iguana (D:5)
  3 worker ants
  6 gnolls (D:4)
  5 adders
  A howler monkey skeleton (D:7)
  2 white imps
  An adder skeleton (D:7)
  An adder zombie (D:5)
  A worm (D:4)
  A dart slug (D:1)
  A leopard gecko (D:5)
  20 orcs
  5 giant cockroaches
  3 goblins
  A quokka (D:6)
  2 ball pythons
  2 bats (D:1)
  A frilled lizard (D:1)
  13 kobolds
  A quokka zombie (D:6)
213 creatures vanquished.

Vanquished Creatures (collateral kills)
  A hydra (Lair:3)
  A cane toad (Lair:3)
  A water moccasin (Lair:3)
3 creatures vanquished.

Vanquished Creatures (others)
  23 fungi
  32 plants
55 creatures vanquished.

Grand Total: 271 creatures vanquished

Notes
Turn   | Place    | Note
-------+----------+-------------------------------------------
     0 | D:1      | speedpope the Deep Dwarf Fighter began the quest for the
                  | Orb.
     0 | D:1      | Reached XP level 1. HP: 20/20 MP: 1/1
   108 | D:1      | Reached XP level 2. HP: 25/27 MP: 2/2
   223 | D:4      | Reached skill level 3 in Axes
   223 | D:4      | Reached XP level 3. HP: 22/34 MP: 3/3
   281 | D:4      | Noticed an ogre
   282 | D:4      | Noticed a scorpion
   288 | D:4      | Killed an ogre
   288 | D:4      | Reached skill level 4 in Axes
   288 | D:4      | Reached XP level 4. HP: 16/42 MP: 4/4
   288 | D:4      | Reached XP level 5. HP: 19/49 MP: 5/5
   382 | D:4      | Found a runed translucent gate.
   383 | D:4      | Found a runed translucent gate.
   384 | D:4      | Found a runed translucent gate.
   385 | D:4      | Noticed nemr118's ghost (amateur SpVM)
   386 | D:4      | Noticed snackwell's ghost (amateur MfSu)
   399 | D:4      | Found a sacrificial altar of Ru.
   472 | D:4      | Found a basalt altar of Yredelemnul.
   537 | D:4      | Reached XP level 6. HP: 50/57 MP: 6/6
   612 | D:5      | Entered Level 5 of the Dungeon
  1028 | D:5      | Reached skill level 5 in Axes
  1126 | D:5      | Found a bloodstained altar of Trog.
  1307 | D:5      | Noticed an orc warrior
  1333 | D:5      | Killed an orc warrior
  1333 | D:5      | Reached XP level 7. HP: 29/64 MP: 6/6
  1597 | D:6      | Reached skill level 5 in Armour
  1597 | D:6      | Reached skill level 5 in Shields
  1684 | D:6      | Reached skill level 6 in Axes
  1739 | D:6      | Found a staircase to the Ecumenical Temple.
  1763 | Temple   | Entered the Ecumenical Temple
  1814 | Temple   | Became a worshipper of Makhleb the Destroyer
  2449 | D:7      | Reached XP level 8. HP: 67/73 MP: 5/5
  2506 | D:7      | Reached skill level 7 in Axes
  2585 | D:7      | Reached * piety under Makhleb
  2672 | D:7      | Found Baumihemn's Weapon Boutique.
  2680 | D:7      | Reached skill level 5 in Fighting
  2683 | D:7      | Bought a +2 broad axe of freezing for 249 gold pieces
  3015 | D:8      | Found a shadowy altar of Dithmenos.
  3114 | D:8      | Noticed Psyche
  3126 | D:8      | Killed Psyche
  3126 | D:8      | Reached skill level 8 in Axes
  3397 | D:8      | Gained mutation: You passively map the area around you.
                  | [Deep Dwarf growth]
  3397 | D:8      | Reached XP level 9. HP: 34/80 MP: 6/6
  3737 | D:9      | Reached skill level 9 in Axes
  3858 | D:9      | Noticed Erica
  3869 | D:9      | Killed Erica
  3869 | D:9      | Reached skill level 10 in Axes
  3895 | D:9      | Reached XP level 10. HP: 56/92 MP: 5/5
  3901 | D:9      | Reached ** piety under Makhleb
  3966 | D:9      | Found a white marble altar of Elyvilon.
  3967 | D:9      | Noticed a brown ugly thing
  3976 | D:9      | Killed a brown ugly thing
  4100 | D:9      | Found a runed translucent gate.
  4100 | D:9      | Found a runed translucent gate.
  4100 | D:9      | Found a runed translucent gate.
  4105 | D:9      | Noticed corevian's ghost (novice MiFi)
  4172 | D:9      | Found a staircase to the Lair.
  4431 | Lair:1   | Entered Level 1 of the Lair of Beasts
  4467 | Lair:1   | Reached skill level 11 in Axes
  4503 | Lair:1   | Noticed a cane toad
  4510 | Lair:1   | Killed a cane toad
  4567 | Lair:1   | Reached XP level 11. HP: 67/100 MP: 6/6
  4570 | Lair:1   | Reached *** piety under Makhleb
  4572 | Lair:1   | Reached skill level 12 in Axes
  5392 | Lair:2   | Reached skill level 1 in Evocations
  5392 | Lair:2   | Reached skill level 1 in Invocations
  5504 | Lair:2   | Noticed a death yak
  5505 | Lair:2   | Noticed a death yak
  5505 | Lair:2   | Noticed a death yak
  5505 | Lair:2   | Noticed a death yak
  5506 | Lair:2   | Noticed a death yak
  5506 | Lair:2   | Noticed a death yak
  5511 | Lair:2   | Killed a death yak
  5511 | Lair:2   | Reached skill level 13 in Axes
  5511 | Lair:2   | Reached skill level 10 in Armour
  5511 | Lair:2   | Reached skill level 10 in Shields
  5525 | Lair:2   | Killed a death yak
  5532 | Lair:2   | Killed a death yak
  5546 | Lair:2   | Killed a death yak
  5546 | Lair:2   | Reached XP level 12. HP: 59/112 MP: 9/9
  5556 | Lair:2   | Killed a death yak
  5562 | Lair:2   | Killed a death yak
  6250 | Lair:3   | Reached **** piety under Makhleb
  6252 | Lair:3   | Noticed a five-headed hydra
  6261 | Lair:3   | Killed an eight-headed hydra
  6681 | Lair:3   | Reached skill level 5 in Invocations
  6977 | Lair:4   | Reached skill level 5 in Evocations
  6990 | Lair:4   | Found a hole to the Spider Nest.
  7084 | Lair:4   | Noticed Sonja
  7103 | Lair:4   | Killed Sonja
  7103 | Lair:4   | Reached skill level 14 in Axes
  7112 | Lair:4   | Noticed Kirke
  7123 | Lair:4   | HP: 1/114 [harpy[Kirke] (11)]
  7123 | Lair:4   | Slain by a harpy

Illustrated notes

Levels and vault maps discovered:
D:1:      dpeg_arrival_brainrot, layout_loops_ring
D:2:      layout_basic, chequers_temple_overflow_statue_of_worship
D:3:      layout_loops_ring, lemuel_doored_altar,
          nicolae_overflow_crystal_walls, chequers_ecumenical_altar_simple
D:4:      layout_rooms, nicolae_ru_sacrificial_ziggurat, lemuel_crystal_altar,
          gammafunk_ghost_cemetery
D:5:      layout_basic, kennysheep_mini
D:6:      layout_cave_pods, minmay_temple_entry_waves
D:7:      layout_rooms, serial_shops, shop, zaba_anthole
D:8:      layout_gridville, nicolae_dithmenos_the_darkroom, uniq_psyche
D:9:      layout_basic, elyvilon_altar_3, grunt_lair_entry_orc_guard_hut,
          gammafunk_ghost_spectres, uniq_erica
Temple:   cyrus_circular_temple
Lair:1:   layout_hall_layers, beast_lair_carwin_5, lemuel_fruit_tree
Lair:2:   layout_cave_pods, serial_bayou_pond_d, grunt_forest_stairs_basic,
          serial_bayou_shore_b, serial_bayou_shore_b, grunt_megastairs_5
Lair:3:   layout_gridlike
Lair:4:   layout_misc_corridors, minmay_shoals_entry_hut,
          spider_nest_entry_webs, uniq_sonja, uniq_kirke

Skill      XL: |  1  2  3  4  5  6  7  8  9 10 11 12 |
---------------+-------------------------------------+-----
Fighting       | 3 4 5 6 7 8 9 |  9.1
Axes           | 3 4 5 6 8 10 11 13 14 | 14.0
Armour         | 4 5 6 7 9 10 | 10.7
Shields        | 4 5 6 7 9 10 | 10.7
Evocations     | 3 5 |  5.2
Invocations    | 3 5 |  5.3

Action                   |  1- 3 |  4- 6 |  7- 9 | 10-12 || total
-------------------------+-------+-------+-------+-------++-------
Melee: War axe           |    49 |    58 |       |       ||   107
       Broad axe         |       |    41 |   254 |   393 ||   688
       Unarmed           |       |       |       |     1 ||     1
Invok: Lesser Servant of |       |       |       |     3 ||     3
 Abil: Heal Wounds       |       |     6 |     8 |     7 ||    21
  Use: Potion            |     1 |       |       |     2 ||     3
       Scroll            |       |       |     7 |     8 ||    15
Armor: Scale mail        |    18 |    57 |    28 |       ||   103
       Plate armour      |       |       |   119 |   234 ||   353
Dodge: Dodged            |    15 |    21 |    28 |    65 ||   129
Block: Kite shield       |    27 |       |       |       ||    27
       Tower shield      |     3 |   116 |   280 |   408 ||   807

Table legend: (Time is in decaauts)
 A = Elapsed time spent in this place.
 B = Non-inter-level travel time spent in this place.
 C = Inter-level travel time spent in this place.
 D = Time resting spent in this place.
 E = Time spent auto-exploring this place.
 F = Levels seen in this place.
 G = Mean time per level.
                   A        B        C        D        E       F      G
               +--------+--------+--------+--------+--------+-----+--------+
         Total |   7348 |   6922 |    426 |      0 |   5380 |  14 |  524.9 |
       Dungeon |   4552 |   4261 |    291 |      0 |   3250 |   9 |  505.8 |
        Temple |     56 |     52 |      4 |      0 |     42 |   1 |   56.0 |
          Lair |   2738 |   2607 |    131 |      0 |   2087 |   4 |  684.5 |
               +--------+--------+--------+--------+--------+-----+--------+

Top non-repeatable levels by time:
     D:5: 1045 daAuts
  Lair:2: 1007 daAuts
     D:8: 866 daAuts
  Lair:1: 798 daAuts
     D:9: 778 daAuts
  Lair:3: 756 daAuts
     D:6: 749 daAuts
     D:7: 467 daAuts
     D:4: 433 daAuts
  Lair:4: 176 daAuts
     D:1: 122 daAuts
     D:3: 60 daAuts
  Temple: 56 daAuts
     D:2: 28 daAuts
